 Dungeon Crawl Stone Soup version 0.26-a0-540-g8a0c9464d7 (webtiles) character file.

Game seed: 15556881246994934370

63 vurker the Chiller (level 4, -3/28 HPs)
             Began as a Halfling Ice Elementalist on Aug 16, 2020.
             Slain by an ogre
             ... wielding a +0 giant spiked club
              (20 damage)
             ... on level 3 of the Dungeon.
             The game lasted 00:02:27 (1934 turns).

vurker the Chiller (Halfling Ice Elementalist)      Turns: 1934, Time: 00:02:27

Health: -3/28      AC:  2    Str:  9    XL:     4   Next: 30%
Magic:  10/16      EV: 15    Int: 14    God:
Gold:   95         SH:  5    Dex: 14    Spells: 3/7 levels left

rFire    . . .     SeeInvis .   c - +0 whip
rCold    . . .     Faith    .   (shield restricted)
rNeg     . . .     Spirit   .   a - +0 robe
rPois    .         Reflect  +   (no helmet)
rElec    .         Harm     .   (no cloak)
rCorr    .                      (no gloves)
MR       .....                  (no boots)
Stlth    ++........             e - amulet of reflection
HPRegen  0.09/turn              k - ring of magical power
MPRegen  0.15/turn              (no ring)

@: frozen ramparts
A: small, mutation resistance 1
a: no special abilities


You were on level 3 of the Dungeon.
You visited 1 branch of the dungeon, and saw 3 of its levels.

You collected 95 gold pieces.

Inventory:

Hand Weapons
 c - a +0 whip (weapon)
   (You took it off a kobold on level 1 of the Dungeon)
Armour
 a - a +0 robe (worn)
Jewellery
 e - an amulet of reflection (around neck)
   (You found it on level 1 of the Dungeon)
 k - a ring of magical power (left hand)
   (You found it on level 2 of the Dungeon)
Scrolls
 b - 2 scrolls of remove curse {unknown}
 f - a scroll of magic mapping {unknown}
 g - a scroll of noise {unknown}
 j - a scroll of enchant armour {unknown}
Potions
 d - a potion of lignification {unknown}
 h - a potion of stabbing {unknown}
 i - a potion of magic {unknown}
 l - a potion of curing {unknown}
 m - 2 potions of flight {unknown}
 n - a potion of resistance {unknown}


   Skills:
 + Level 1.2 Fighting
 - Level 2.1 Dodging
 - Level 2.1 Stealth
 * Level 2.3 Spellcasting
 * Level 4.6 Ice Magic


You had 3 spell levels left.
You knew the following spells:

 Your Spells              Type           Power        Failure   Level
a - Freeze                Ice            ##..         3%          1
b - Frozen Ramparts       Ice            ##....       10%         3

Your spell library contained the following spells:

 Spells                   Type           Power        Failure   Level
 Ozocubu's Armour         Ice            ##......     10%         3
 Hailstorm                Conj/Ice       #.......     65%         4
 Summon Ice Beast         Ice/Summ       #.......     65%         4


Dungeon Overview and Level Annotations

Branches:
Dungeon (3/15)

Altars:
Qazlal


Innate Abilities, Weirdness & Mutations

You are small and have problems with some larger weapons.
You are somewhat resistant to further mutation.


Message History

You now have 95 gold pieces (gained 12).
A dart slug comes into view.
A dart slug is nearby!
A dart slug is nearby!
A dart slug is nearby!
Found a sapphire potion.
You hit the dart slug. The dart slug completely misses you.
Aim: a dart slug (heavily wounded)
You freeze the dart slug.
Aim: a dart slug (almost dead)
You freeze the dart slug.
You kill the dart slug!
You can't see any susceptible monsters within range! (Use Z to cast anyway.)
l - a sapphire potion
Found a bubbling black potion.
Found 2 purple potions.
m - 2 purple potions
Found 17 stones.
Found a stormy altar of Qazlal.
An ogre comes into view. It is wielding a +0 giant spiked club.
Found 18 stones.
An ogre is nearby!
An ogre is nearby!
No reachable target in view!
n - a bubbling black potion A frilled lizard comes into view.
The frilled lizard hisses angrily.
Found a stone staircase leading up.
Aim: a frilled lizard You freeze the frilled lizard.
The frilled lizard seems to slow down.
The frilled lizard bites you but does no damage.
Aim: a frilled lizard (heavily wounded, slow)
You freeze the frilled lizard.
You kill the frilled lizard!
The spell is quite dangerous to cast (10% risk of failure)!
Continue anyway?
The walls around you are covered in ice.
The wall freezes the ogre.
The wall freezes the ogre.
The wall freezes the ogre.
The wall freezes the ogre.
Found 23 stones.
The frozen ramparts melt away.
Aim: an ogre, wielding a +0 giant spiked club (moderately wounded)
You freeze the ogre!
The ogre hits you with a +0 giant spiked club!
The spell is quite dangerous to cast (10% risk of failure)!
Continue anyway?
The walls around you are covered in ice.
The wall freezes the ogre.
The ogre hits you with a +0 giant spiked club!!
Ouch! That really hurt!
You die...

#O..##.##.### #.# #.....##
..#.##......# #.####.###†.#
##.#.##......####..........#.
^(....≈...................###
#^..###......#.#######.......
≈≈..#≈≈^.....#.# #....###
≈..^≈≈.##.###.# #....# #
.≈..^.^^...###.#######....# #
.§_........O@...........(.###
^≈..§^..############......[..
#^(^##≈§# ###.#.#..###
(^..#§§§. ............
^.^^^#. ...###<#.## ... #
#..... #.#.## #.#.# #.#.#


You could see an ogre.

Vanquished Creatures
  2 adders (D:2)
  2 worms (D:2)
  A dart slug (D:3)
  4 giant cockroaches
  5 goblins (D:1)
  7 hobgoblins
  A kobold (D:1)
  A ball python (D:2)
  7 bats
  A frilled lizard (D:3)
  4 rats (D:1)
35 creatures vanquished.

Notes
Turn   | Place    | Note
-------+----------+-------------------------------------------
     0 | D:1      | vurker the Halfling Ice Elementalist began the quest for
                  | the Orb.
     0 | D:1      | Reached XP level 1. HP: 11/11 MP: 3/3
    90 | D:1      | Reached XP level 2. HP: 17/17 MP: 0/4
   538 | D:1      | Reached XP level 3. HP: 19/22 MP: 6/6
   729 | D:1      | Learned a level 3 spell: Frozen Ramparts
  1073 | D:2      | Reached skill level 1 in Fighting
  1135 | D:2      | Reached XP level 4. HP: 28/28 MP: 3/7
  1901 | D:3      | Found a stormy altar of Qazlal.
  1902 | D:3      | Noticed an ogre
  1934 | D:3      | Slain by an ogre

Illustrated notes

Levels and vault maps discovered:
D:1:      mrwooster_arrival_statue_2, layout_rooms
D:2:      layout_basic, serial_rivers, chequers_serial_rivers_micro_b,
          chequers_serial_rivers_small_3, chequers_serial_rivers_room_b,
          chequers_serial_rivers_small_3, hangedman_abyss_or_decor_lesser_grid
D:3:      layout_loops_ring, minitemple, minmay_misc_feat_alley,
          grunt_qazlal_sundering, uniq_grinder

Skill      XL: |  1  2  3 |
---------------+----------+-----
Spellcasting   | 2 |  2.3
Fighting       | 1 |  1.2
Dodging        | |  2.1
Stealth        | |  2.1
Ice Magic      | |  4.6

Action                   |  1- 3 |  4- 6 || total
-------------------------+-------+-------++-------
Melee: Whip              |    12 |     3 ||    15
       Unarmed           |     1 |       ||     1
 Cast: Freeze            |    42 |    19 ||    61
       Frozen Ramparts   |       |     2 ||     2
Armor: Robe              |     6 |     3 ||     9
Dodge: Dodged            |    43 |     8 ||    51
Block: Other             |     7 |     3 ||    10

Table legend: (Time is in decaauts)
 A = Elapsed time spent in this place.
 B = Non-inter-level travel time spent in this place.
 C = Inter-level travel time spent in this place.
 D = Time resting spent in this place.
 E = Time spent auto-exploring this place.
 F = Levels seen in this place.
 G = Mean time per level.
                   A        B        C        D        E       F      G
               +--------+--------+--------+--------+--------+-----+--------+
         Total |   1946 |   1916 |     30 |    169 |   1464 |   3 |  648.7 |
       Dungeon |   1946 |   1916 |     30 |    169 |   1464 |   3 |  648.7 |
               +--------+--------+--------+--------+--------+-----+--------+

Top non-repeatable levels by time:
     D:2: 932 daAuts
     D:1: 919 daAuts
     D:3: 95 daAuts
